 Dungeon Crawl Stone Soup version 0.29-a0-584-gb10a8bf730 (webtiles) character file.

Game seed: 12869942745463252774

4506 Bruhh the Fighter (level 10, -8/80 HPs)
             Began as a Djinni Fire Elementalist on June 15, 2022.
             Was an Initiate of Ashenzari.
             Mangled by a seven-headed hydra (12 damage)
             ... on level 11 of the Dungeon.
             The game lasted 00:15:08 (10131 turns).

Bruhh the Fighter (Djinni Fire Elementalist)       Turns: 10131, Time: 00:15:09

Health: -8/80      AC: 10    Str:  7    XL:     10   Next: 65%
Gold:   253        EV: 14    Int: 20    God:    Ashenzari [......] SH:  0 Dex: 15

rFire   + + .      SeeInvis .   w - +2 whip (drain)
rCold   x . .      Faith    .   (no shield)
rNeg    . . .      Spirit   .   C - +3 leather armour
rPois   ∞          Reflect  .   M - +0 hat of Star-Bound Wisdom {Range, Melee} (curse)
rElec   .          Harm     .   (no cloak)
rCorr   .          Rampage  .   (no gloves)
Will    ++...                   (boots unavailable)
Stlth   ++........              E - amulet of the acrobat
HPRegen 0.23/turn               D - +4 ring of protection
MPRegen 0.00/turn               p - ring of willpower

@: about to teleport, flying
A: sickness immunity, fire resistance 2, cold vulnerability 1, float, innate
caster, HP casting, extra vitality 1
a: Renounce Religion, Shatter the Chains


You were on level 11 of the Dungeon.
You worshipped Ashenzari.
Ashenzari was noncommittal.
You visited 2 branches of the dungeon, and saw 10 of its levels.

You collected 361 gold pieces.
You spent 108 gold pieces at shops.

Inventory:

Hand Weapons
 u - the +1 hand axe "Xoutakhib" {freeze, rC+ Int+3 Stlth+}
   (You found it on level 3 of the Dungeon)

   It freezes those it strikes, dealing additional cold damage.
   It can also slow down cold-blooded creatures.
   Int:       It affects your intelligence (+3).
   rC:        It protects you from cold.
   Stlth:     It makes you more stealthy.
 w - a +2 whip of draining (weapon)
Armour
 a - a +0 robe
 e - the +1 scale mail of Irchy {Will+}
   (You acquired it on level 5 of the Dungeon)

   Will:      It increases your willpower.
 C - a +3 leather armour (worn)
 M - the cursed +0 hat of Star-Bound Wisdom (worn) {Range, Melee}
   (You found it on level 8 of the Dungeon)

   It has a curse which improves the following skills: Ranged Combat: Slings,
   Bows, Crossbows and Throwing.
   Melee Combat: Short Blades, Long Blades, Axes, Maces & Flails, Polearms,
   Staves and Unarmed Combat.
Jewellery
 i - a ring of resist corrosion
 l - a ring of fire
 p - a ring of willpower (right hand)
 A - an amulet of faith
 D - a +4 ring of protection (left hand)
 E - an amulet of the acrobat (around neck)
Wands
 s - a wand of polymorph (9)
 x - a wand of charming (7)
 H - a wand of mindburst (15)
Scrolls
 g - a scroll of torment {unknown}
 j - 8 scrolls of identify
 k - 4 scrolls of teleportation
 m - 2 scrolls of noise {unknown}
 n - a scroll of enchant armour {unknown}
 t - 2 scrolls of poison {unknown}
 v - 2 scrolls of silence {unknown}
 y - 2 scrolls of brand weapon {unknown}
 z - a scroll of vulnerability {unknown}
 B - 3 scrolls of enchant weapon {unknown}
 F - a scroll of magic mapping {unknown}
 G - 2 scrolls of fog {unknown}
 I - 5 scrolls of immolation {unknown}
 K - 2 scrolls of fear {unknown}
Potions
 b - 2 potions of might {unknown}
 c - 2 potions of degeneration {unknown}
 d - a potion of brilliance {unknown}
 f - 2 potions of heal wounds {unknown}
 h - a potion of berserk rage {unknown}
 o - 2 potions of curing
 q - 2 potions of lignification {unknown}
 r - a potion of haste
 J - a potion of ambrosia {unknown}
 L - a potion of cancellation {unknown}


   Skills:
 - Level 10.0 Fighting
 + Level 6.0 Dodging
 - Level 1.5 Stealth
 - Level 8.0 Spellcasting


You had 2 spell levels left.
You knew the following spells:

 Your Spells              Type           Power      Damage    Failure   Level
a - Foxfire               Conj/Fire      100%       2x1d9     1%          1
b - Scorch                Fire           80%        2d9       1%          2
c - Conjure Flame         Conj/Fire      40%        6-21      1%          3
d - Inner Flame           Hex/Fire       40%        N/A       1%          3
e - Flame Wave            Conj/Fire      40%        2d9       4%          4
f - Freeze                Ice            100%       1d11      1%          1
g - Ensorcelled Hibernat  Hex/Ice        80%        N/A       1%          2
h - Tukima's Dance        Hex            40%        N/A       1%          3
i - Corpse Rot            Necr/Pois/Air  40%        N/A       4%          4
Your spell library was empty.

Dungeon Overview and Level Annotations

Branches:
Dungeon (8/15)             Temple (1/1) D:5
   Lair: D:8-11

Altars:
Ashenzari
Dithmenos
Fedhas
Nemelex Xobeh
Okawaru
Ru
Sif Muna
Vehumet
Wu Jian
Xom
Yredelemnul

Shops:
D:4 [[!*

Annotations:
D:3 1 runed translucent door, Crazy Yiuf


Innate Abilities, Weirdness & Mutations

You are immune to sickness and miasma.
You are immune to poison.
Your flesh is very heat resistant. (rF++)
You are vulnerable to cold. (rC-)
You float through the air rather than walking.
You learn spells naturally, not from books.
Your magical power is your life essence.
You have superior vitality. (+4 MHP)


Message History

The seven-headed hydra is lightly wounded.
The seven-headed hydra's fire resistance burns away.
You hear a shout!
A centaur comes into view.
The seven-headed hydra is engulfed in blazing flames.
Flame seeps out of the seven-headed hydra.
The seven-headed hydra bites you! The seven-headed hydra bites you. x3
The seven-headed hydra bites you but does no damage. x3
The centaur wields a +0 shortbow.
The centaur shoots an arrow.
The arrow closely misses you.
Unknown command.
Casting: Scorch (safe; 1% risk of failure)
Confirm with . or Enter, or press ? or * to list all spells.
Okay, then.
Okay, then.
As you read the scroll of teleportation, it crumbles to dust.
You feel strangely unstable.
The seven-headed hydra is engulfed in blazing flames.
Flame seeps out of the seven-headed hydra.
The seven-headed hydra closely misses you.
The seven-headed hydra bites you!
* * * LOW HITPOINT WARNING * * *
The seven-headed hydra bites you!
* * * LOW HITPOINT WARNING * * *
The seven-headed hydra completely misses you.
The seven-headed hydra barely misses you. x3
The centaur shoots an arrow.
The arrow hits you.
* * * LOW HITPOINT WARNING * * *
It was a potion of curing.
You feel better.
The seven-headed hydra is engulfed in blazing flames.
Flame seeps out of the seven-headed hydra.
The seven-headed hydra bites you!
* * * LOW HITPOINT WARNING * * *
The seven-headed hydra bites you.
* * * LOW HITPOINT WARNING * * *
The seven-headed hydra closely misses you.
The seven-headed hydra bites you.
* * * LOW HITPOINT WARNING * * *
The seven-headed hydra bites you!
You die...

..# #.# #.#
## #.# ..
#.# . #c
#.# ... #.
#.#
.....#.##.#
.......@..#
######D####
#Y. #Y#.
Y.... #.#
## #. #


You could see a seven-headed hydra (inner flame, combustible), 3 yaks and a
centaur.

Vanquished Creatures
  A two-headed ogre (D:4)
  Grinder (D:3)
  A spriggan (D:8)
  Grum (D:8)
  2 steam dragons
  Menkaure (D:4)
  2 black bears (D:6)
  A sky beast (D:8)
  3 ice beasts
  An orc warrior (D:8)
  A centaur (D:5)
  4 wolves
  An ogre (D:5)
  A phantom (D:4)
  A kobold brigand (D:7)
  3 bullfrogs
  A gnoll sergeant (D:7)
  A necrophage (D:6)
  3 scorpions
  8 wights (D:8)
  A howler monkey (D:6)
  4 jellies
  2 orc priests
  3 hounds
  A gnoll shaman (D:7)
  Jessica (D:2)
  An iguana (D:5)
  7 orc wizards
  Ijyb (D:3)
  6 gnolls (D:7)
  4 adders
  2 worms
  2 dart slugs
  15 orcs
  6 endoplasms
  4 giant cockroaches
  8 goblins
  6 hobgoblins
  7 kobolds
  4 quokkas
  8 ball pythons
  4 bats
  2 frilled lizards
  4 rats
141 creatures vanquished.

Vanquished Creatures (collateral kills)
  2 wights (D:8)
2 creatures vanquished.

Vanquished Creatures (others)
  16 foxfires (D:1)
16 creatures vanquished.

Grand Total: 159 creatures vanquished

Notes
Turn   | Place    | Note
-------+----------+-------------------------------------------
     0 | D:1      | Bruhh the Djinni Fire Elementalist began the quest for the
                  | Orb.
     0 | D:1      | Reached XP level 1. HP: 15/15 MP: 0/0
   465 | D:1      | Reached XP level 2. HP: 14/21 MP: 0/0
  1252 | D:1      | Reached XP level 3. HP: 23/25 MP: 0/0
  1252 | D:1      | Learned a level 1 spell: Freeze
  2220 | D:2      | Noticed Jessica
  2226 | D:2      | Killed Jessica
  2227 | D:2      | Reached XP level 4. HP: 27/31 MP: 0/0
  2751 | D:3      | Noticed Ijyb
  2762 | D:3      | Killed Ijyb
  2763 | D:3      | Reached XP level 5. HP: 3/35 MP: 0/0
  2763 | D:3      | Learned a level 2 spell: Ensorcelled Hibernation
  3176 | D:3      | Identified the +1 hand axe "Xoutakhib" {freeze, rC+ Int+3
                  | Stlth+}
  3703 | D:3      | Noticed Grinder
  3709 | D:3      | Killed Grinder
  3710 | D:3      | Reached skill level 5 in Spellcasting
  3710 | D:3      | Reached XP level 6. HP: 21/40 MP: 0/0
  4115 | D:3      | Found a runed translucent door.
  4116 | D:3      | Noticed Crazy Yiuf
  4373 | D:4      | Found Ompishal's Armour Shoppe.
  4375 | D:4      | Found Laufeomn's Antique Armour Shoppe.
  4375 | D:4      | Found Fidatevu's General Store.
  4381 | D:4      | Found Hovutida's Distillery.
  4382 | D:4      | Noticed a two-headed ogre
  4385 | D:4      | Reached XP level 7. HP: 43/45 MP: 0/0
  4385 | D:4      | Learned a level 3 spell: Tukima's Dance
  4389 | D:4      | Killed a two-headed ogre
  4390 | D:4      | Reached XP level 8. HP: 27/50 MP: 0/0
  4561 | D:4      | Bought 2 scrolls of teleportation for 72 gold pieces
  4561 | D:4      | Bought a scroll of teleportation for 36 gold pieces
  4689 | D:4      | Found a basalt altar of Yredelemnul.
  4783 | D:4      | Noticed Menkaure
  4786 | D:4      | Killed Menkaure
  5030 | D:4      | Reached skill level 1 in Fighting
  5276 | D:5      | Entered Level 5 of the Dungeon
  5390 | D:5      | Reached skill level 2 in Fighting
  5628 | D:5      | Found a staircase to the Ecumenical Temple.
  5635 | D:5      | Reached skill level 3 in Fighting
  5643 | Temple   | Entered the Ecumenical Temple
  5677 | Temple   | Became a worshipper of Ashenzari the Shackled
  5918 | D:5      | Reached XP level 9. HP: 57/61 MP: 0/0
  5918 | D:5      | Learned a level 4 spell: Corpse Rot
  6050 | D:5      | Found an ornate altar of the Wu Jian Council.
  6163 | D:5      | Reached skill level 4 in Fighting
  6359 | D:5      | Identified a scroll of acquirement
  6360 | D:5      | Acquired the +1 scale mail of Irchy {Will+}
  6525 | D:6      | Reached skill level 5 in Fighting
  6741 | D:6      | Reached skill level 6 in Fighting
  7062 | D:6      | Reached skill level 7 in Fighting
  7792 | D:7      | Reached skill level 8 in Fighting
  8069 | D:7      | Reached XP level 10. HP: 55/77 MP: 0/0
  8221 | D:7      | Found an iron altar of Okawaru.
  8221 | D:7      | Found a sparkling altar of Nemelex Xobeh.
  8607 | D:7      | Found a sacrificial altar of Ru.
  8805 | D:8      | Reached skill level 9 in Fighting
  8983 | D:8      | Noticed Grum
  8984 | D:8      | Reached skill level 10 in Fighting
  9344 | D:8      | Killed Grum
  9729 | D:8      | Reached skill level 5 in Dodging
 10123 | D:8      | You are sucked into a shaft and drop 3 floors!
 10127 | D:11     | Noticed a seven-headed hydra
 10131 | D:11     | HP: 4/80 [seven-headed hydra (2)]
 10131 | D:11     | Mangled by a seven-headed hydra

Illustrated notes

Levels and vault maps discovered:
D:1:      nzn_arrival_water_spiral, layout_basic
D:2:      layout_loops_cross, serial_aquarium, aquarium_bridge_square
          [aquarium_subvault_bridge, aquarium_subvault_wall,
          aquarium_subvault_balcony, aquarium_subvault_bridge],
          aquarium_bridge_island_small [aquarium_subvault_small_open,
          aquarium_subvault_bridge, aquarium_subvault_bridge,
          aquarium_subvault_balcony, aquarium_subvault_bridge],
          aquarium_window_corridor_1, aquarium_window_2, aquarium_window_2,
          aquarium_view_2a, aquarium_pool_2, uniq_jessica
D:3:      kennysheep_the_goblin_king, layout_basic, minmay_statues_item,
          uniq_grinder, uniq_crazy_yiuf_cottage
D:4:      layout_loops_ring, nicolae_vehumet_altar_sigil,
          yredelemnul_altar_generic, minmay_shop_grid_forest, uniq_menkaure
D:5:      kennysheep_big_flooded_room, layout_loops_ring,
          nicolae_wu_jian_immortal_techniques, minmay_temple_entry_glass
D:6:      layout_basic
D:7:      layout_gridville, nicolae_ru_great_annihilating_truth,
          gammafunk_temple_overflow_wave
D:8:      layout_gridville, the_hattery, uniq_grum, uniq_gastronok
D:11:     layout_loops_corners, due_lair_maze_entry_diamond, uniq_josephine,
          uniq_lodul
Temple:   eino_wide_crystal_templ

Skill      XL: |  1  2  3  4  5  6  7  8  9 10 |
---------------+-------------------------------+-----
Spellcasting   | 3 4 5 7 8 |  8.0
Fighting       | 3 8 10 | 10.0
Dodging        | 6 |  6.0
Stealth        | |  1.5

Action                   |  1- 3 |  4- 6 |  7- 9 | 10-12 || total
-------------------------+-------+-------+-------+-------++-------
Melee: Unarmed           |    15 |       |       |       ||    15
       Hand axe          |       |    12 |       |       ||    12
       Whip              |       |       |    15 |     1 ||    16
       Punch             |       |       |     1 |       ||     1
 Cast: Foxfire           |    14 |       |       |       ||    14
       Scorch            |    29 |    32 |    90 |    48 ||   199
       Tukima's Dance    |       |       |     4 |     3 ||     7
       Inner Flame       |       |       |     4 |     4 ||     8
       Flame Wave        |       |       |     3 |     4 ||     7
       Conjure Flame     |       |       |     1 |       ||     1
Invok: Curse Item        |       |       |       |     1 ||     1
  Use: Scroll            |       |       |     4 |     1 ||     5
       Potion            |       |       |       |     1 ||     1
 Stab: Sleeping          |       |     2 |     1 |       ||     3
Armor: Robe              |       |     6 |       |       ||     6
       Leather armour    |       |       |    27 |    11 ||    38
Dodge: Dodged            |    20 |    12 |    28 |    37 ||    97

Table legend: (Time is in decaauts)
 A = Elapsed time spent in this place.
 B = Non-inter-level travel time spent in this place.
 C = Inter-level travel time spent in this place.
 D = Time resting spent in this place.
 E = Time spent auto-exploring this place.
 F = Levels seen in this place.
 G = Mean time per level.
                   A        B        C        D        E       F      G
               +--------+--------+--------+--------+--------+-----+--------+
         Total |  10133 |   9863 |    270 |    319 |   8614 |  10 | 1013.3 |
       Dungeon |  10090 |   9820 |    270 |    319 |   8591 |   9 | 1121.1 |
        Temple |     42 |     42 |      0 |      0 |     23 |   1 |   42.0 |
               +--------+--------+--------+--------+--------+-----+--------+

Top non-repeatable levels by time:
     D:1: 1751 daAuts
     D:7: 1555 daAuts
     D:3: 1500 daAuts
     D:5: 1204 daAuts
     D:4: 1082 daAuts
     D:8: 1057 daAuts
     D:6: 990 daAuts
     D:2: 940 daAuts
  Temple: 42 daAuts
    D:11: 7 daAuts
